[Event "Team 45 45 League T47"]
[Site "Internet Chess Club"]
[Date "2010.12.01"]
[Round "5"]
[White "Phosphorus"]
[Black "SaltofLife"]
[Result "1/2-1/2"]
[WhiteElo "2063"]
[BlackElo "1938"]
[Opening "Benoni: fianchetto variation"]
[ECO "A62"]
[Time "16:00:45"]
[TimeControl "2700+45"]

1. d4 Nf6 2. c4 e6 3. Nf3 c5 4. d5 exd5 5. cxd5 d6 6. Nc3 g6 7. g3 Bg7 8. Bg2
O-O 9. O-O Re8 10. Nd2 b6 11. a4 Ba6 12. Nb5 Nbd7 13. Re1 Bxb5 14. axb5 Ne5 15.
f4 Neg4 16. e4 Qe7 17. Nc4 Rad8 18. e5 Nh6 19. Bd2 dxe5 20. d6 Qe6 21. Qc2 e4
22. Rxa7 Nf5 23. Bh3 Nd7 24. b3 Qf6 25. Rxe4 Nd4 26. Qd3 Rxe4 27. Qxe4 Ne6 28.
Be3 Qc3 29. Bxe6 Qe1+ 30. Kg2 Qe2+ 31. Kg1 Qe1+ 32. Kg2 Qe2+ 33. Kh1 Qe1+ 34.
Kg2 Qe2+ 35. Kg1 Qe1+ {Game drawn by repetition} 1/2-1/2

[Event "Team 45 45 League T47"]
[Site "Internet Chess Club"]
[Date "2010.12.04"]
[Round "5"]
[White "Twan709"]
[Black "Karpyan"]
[Result "1/2-1/2"]
[WhiteElo "1829"]
[BlackElo "1859"]
[Opening "French: Winawer, advance, Smyslov variation"]
[ECO "C19"]
[Time "15:39:12"]
[TimeControl "2700+45"]

1. e4 e6 2. d4 d5 3. Nc3 Bb4 4. e5 c5 5. a3 Bxc3+ 6. bxc3 Ne7 7. a4 Nbc6 8. Nf3
Bd7 9. Ba3 Qa5 10. Qd2 cxd4 11. cxd4 Qxd2+ 12. Kxd2 Nf5 13. c3 Na5 14. Rb1 b6
15. Bb4 Nc6 16. Ra1 Nxb4 17. cxb4 O-O 18. a5 Rfc8 19. Bd3 Ne7 20. b5 h6 21. Rhc1
Rxc1 22. Rxc1 Rc8 23. Ra1 bxa5 24. Rxa5 Rc7 25. Ne1 Nc8 26. Nc2 Nb6 27. Ne3 Kf8
28. g4 Ke7 29. f4 Bc8 30. f5 Bd7 31. fxe6 fxe6 32. h4 Be8 33. Ra1 Kd8 34. Rf1
Rf7 35. Rxf7 Bxf7 36. Kc3 Kc7 37. Kb4 Be8 38. g5 hxg5 39. hxg5 Nd7 40. Ka5 Kb7
41. Ng2 Nf8 42. Nf4 Bf7 43. Bc2 Be8 44. g6 Kc7 45. Ka6 Kb8 46. b6 axb6 47. Kxb6
Kc8 48. Ka7 Kc7 49. Ka8 Bc6+ 50. Ka7 Be8 51. Ka6 Kc8 52. Kb6 Kd7 53. Ba4+ Ke7
54. Bxe8 Kxe8 55. Kc6 Ke7 56. Kc7 Nd7 57. Nh5 Nf8 58. Nf4 Nd7 59. Kc6 Nf8 60.
Kc5 Nd7+ 61. Kb4 Nf8 62. Kc3 Kd7 63. Kd3 Ke7 64. Ke3 Kd7 65. Kf3 Ke7 66. Kg4 Nd7
67. Kg5 Nb8 68. Nh5 Kf8 69. Kf4 Nc6 70. Ke3 Ne7 71. Nf4 Nf5+ 72. Kd3 Ke7 {Game
drawn by mutual agreement} 1/2-1/2

[Event "Team 45 45 League T47"]
[Site "Internet Chess Club"]
[Date "2010.12.04"]
[Round "5"]
[White "bondguy01"]
[Black "siddhu"]
[Result "1-0"]
[WhiteElo "1723"]
[BlackElo "1816"]
[Opening "English: Caro-Kann defensive system"]
[ECO "A11"]
[Time "13:07:48"]
[TimeControl "2700+45"]

1. c4 c6 2. g3 d5 3. Nf3 Nf6 4. Bg2 Bg4 5. Ne5 Bf5 6. cxd5 cxd5 7. Nc3 e6 8. g4
Nxg4 9. Nxg4 Bxg4 10. Qa4+ Nc6 11. Qxg4 Qf6 12. O-O h5 13. Qf3 Qe5 14. Qg3 Qf6
15. d3 O-O-O 16. Bg5 {Black resigns} 1-0

[Event "Team 45 45 League T47"]
[Site "Internet Chess Club"]
[Date "2010.12.05"]
[Round "5"]
[White "Whalen"]
[Black "Portola"]
[Result "0-1"]
[WhiteElo "1588"]
[BlackElo "1724"]
[Opening "French: Rubinstein variation"]
[ECO "C10"]
[Time "10:00:20"]
[TimeControl "2700+45"]

1. e4 e6 2. d4 d5 3. Nc3 dxe4 4. Nxe4 Be7 5. Nf3 Nf6 6. Bd3 O-O 7. Bg5 Nbd7 8.
Qe2 c5 9. O-O-O b6 10. Nxf6+ Bxf6 11. Qe4 Bxg5+ 12. Kb1 g6 13. Qxa8 Bf6 14. dxc5
Qc7 15. Be4 Nxc5 16. Qc6 Qe7 17. Bxg6 hxg6 18. Qb5 Bd7 19. Qe2 Na4 20. Ne5 Qb4
21. Kc1 Qxb2+ 22. Kd2 Bxe5 23. Ke1 Bc3+ 24. Kf1 Bb5 25. Rd3 Qc1+ {White resigns}
0-1

[Event "Team 45 45 League T47"]
[Site "Internet Chess Club"]
[Date "2010.12.03"]
[Round "5"]
[White "BlackHorse"]
[Black "viking99"]
[Result "0-1"]
[WhiteElo "1922"]
[BlackElo "1885"]
[Opening "French: Burn variation"]
[ECO "C11"]
[Time "20:00:32"]
[TimeControl "2700+45"]

1. e4 e6 2. d4 d5 3. Nc3 Nf6 4. Bg5 dxe4 5. Nxe4 Be7 6. Bxf6 Bxf6 7. Nf3 O-O 8.
Qd2 Nd7 9. O-O-O b6 10. Bd3 Bb7 11. h4 Rc8 12. Neg5 h6 13. Rh3 c5 14. Bb5 a6 15.
Bxd7 Qxd7 16. Qd3 g6 17. h5 Bxf3 18. Nxf3 g5 19. c3 cxd4 20. Kb1 Qd5 21. cxd4
Rfd8 22. g4 e5 23. Nxe5 Bxe5 24. dxe5 Qxe5 25. Qxd8+ Rxd8 26. Rxd8+ Kg7 27. Re3
Qf4 28. Ree8 Qxg4 29. Rg8+ Kf6 30. a3 Qxh5 31. Rd6+ Kf5 32. Rh8 Qh1+ 33. Ka2 h5
34. Rh7 Ke5 35. Rd7 f6 36. Rhe7+ Kf4 37. Rf7 f5 38. Rd4+ Ke5 39. Rd3 f4 40. f3
g4 41. Re7+ Kf6 42. Re4 Qc1 43. Rd6+ Kg5 44. fxg4 hxg4 45. Rxb6 Qf1 46. Ra4 f3
47. Raxa6 f2 48. Rg6+ Kh4 49. Ra4 Qe2 50. Rh6+ Kg3 51. Rf6 f1=Q 52. Rxf1 Qxf1
53. Rb4 Qf7+ 54. Rb3+ Kf2 55. a4 g3 56. Ka3 g2 {White resigns} 0-1

[Event "Team 45 45 League T47"]
[Site "Internet Chess Club"]
[Date "2010.12.06"]
[Round "5"]
[White "Rookmaster"]
[Black "BuddyT"]
[Result "0-1"]
[WhiteElo "1728"]
[BlackElo "1756"]
[Opening "French: Two knights variation"]
[ECO "C00"]
[Time "21:00:18"]
[TimeControl "2700+45"]

1. e4 e6 2. Nf3 d5 3. Nc3 d4 4. Ne2 c5 5. c3 Nf6 6. Ng3 Nc6 7. Bc4 a6 8. O-O b5
9. Bb3 c4 10. Bc2 d3 11. Bb1 Bc5 12. h3 O-O 13. a4 Bb7 14. axb5 axb5 15. Rxa8
Qxa8 16. b4 Bb6 17. Ne1 Ne5 18. Kh2 Bxe4 19. Nxe4 Nxe4 20. f4 Ng6 21. Nxd3 cxd3
22. Bxd3 Nf2 23. Qc2 Nxf4 24. Bxh7+ Kh8 25. Be4 Qxe4 26. Qxe4 Nxe4 27. Rxf4 Bc7
28. g3 Bxf4 29. gxf4 Ra8 30. c4 bxc4 31. Bb2 Nxd2 {White resigns} 0-1

[Event "Team 45 45 League T47"]
[Site "Internet Chess Club"]
[Date "2010.12.05"]
[Round "5"]
[White "empire32"]
[Black "DaveTheRook"]
[Result "0-1"]
[WhiteElo "1717"]
[BlackElo "1735"]
[Opening "Sicilian: Najdorf, Lipnitzky attack"]
[ECO "B86"]
[Time "16:12:05"]
[TimeControl "2700+45"]

1. e4 c5 2. Nf3 d6 3. d4 cxd4 4. Nxd4 Nf6 5. Nc3 a6 6. Bc4 e6 7. Bb3 Be7 8. O-O
O-O 9. f4 Qc7 10. Kh1 Nc6 11. f5 Nxd4 12. Qxd4 Bd7 13. Bg5 h6 14. Bh4 Rac8 15.
Rad1 e5 16. Qd2 b5 17. Bxf6 Bxf6 18. Qxd6 Bc6 19. Qxc7 Rxc7 20. Bd5 b4 21. Nb1
Bxd5 22. Rxd5 Rxc2 23. Rd6 Rfc8 24. Nd2 Rxb2 25. Nb3 Rcc2 26. Rxa6 Rxg2 27. Rc1
Bg5 28. Rc8+ Kh7 29. Raa8 Rxh2+ 30. Kg1 Be3+ 31. Kf1 Rh1# {White checkmated} 0-1

[Event "Team 45 45 League T47"]
[Site "Internet Chess Club"]
[Date "2010.12.04"]
[Round "5"]
[White "Kingofknights"]
[Black "wrimle"]
[Result "1-0"]
[WhiteElo "1645"]
[BlackElo "1564"]
[Opening "Modern defense: Averbakh system"]
[ECO "E70"]
[Time "16:00:19"]
[TimeControl "2700+45"]

1. d4 g6 2. c4 Bg7 3. e4 d6 4. Nc3 Nf6 5. Bd3 O-O 6. Nf3 Nbd7 7. O-O e5 8. dxe5
Nxe5 9. Nxe5 dxe5 10. h3 c6 11. Be3 Nh5 12. Ne2 f5 13. exf5 Bxf5 14. Bxf5 gxf5
15. Qc2 f4 16. Rad1 Qe7 17. Bc1 f3 18. Ng3 fxg2 19. Rfe1 Nf4 20. Bxf4 exf4 21.
Rxe7 fxg3 22. fxg3 {Black resigns} 1-0

[Event "Team 45 45 League T47"]
[Site "Internet Chess Club"]
[Date "2010.12.04"]
[Round "5"]
[White "charles-allen"]
[Black "SlimeDog2"]
[Result "1/2-1/2"]
[WhiteElo "1858"]
[BlackElo "2097"]
[Opening "Sicilian: Canal-Sokolsky (Nimzovich-Rossolimo, Moscow) attack"]
[ECO "B51"]
[Time "21:03:01"]
[TimeControl "2700+45"]

1. e4 c5 2. Nf3 d6 3. Bb5+ Nd7 4. O-O Nf6 5. Re1 e6 6. d4 cxd4 7. Qxd4 Be7 8. c4
O-O 9. Nc3 a6 10. Ba4 Rb8 11. b4 e5 12. Qd3 d5 13. c5 dxe4 14. Nxe4 Nxe4 15.
Rxe4 b5 16. Bc2 f5 17. Qd5+ Kh8 18. Re2 Qc7 19. Nxe5 Nxe5 20. Bf4 Bb7 21. Bxe5
Bxd5 22. Bxc7 Bf6 23. Bxb8 Bxa1 24. Bd6 Rd8 25. Bxf5 Bc4 26. Rc2 Be5 27. Rc1
{Game drawn by mutual agreement} 1/2-1/2

[Event "Team 45 45 League T47"]
[Site "Internet Chess Club"]
[Date "2010.12.04"]
[Round "5"]
[White "sidd2007"]
[Black "j65536d"]
[Result "1-0"]
[WhiteElo "1764"]
[BlackElo "1811"]
[Opening "Sicilian: dragon, 6.Be3"]
[ECO "B72"]
[Time "21:01:49"]
[TimeControl "2700+45"]

1. e4 c5 2. Nf3 d6 3. d4 cxd4 4. Nxd4 Nf6 5. Nc3 g6 6. Be3 Bg7 7. Qd2 Ng4 8. Bg5
h6 9. Bh4 Nc6 10. Nxc6 bxc6 11. f3 Nf6 12. O-O-O Be6 13. g4 O-O 14. g5 hxg5 15.
Bxg5 Qa5 16. a3 Rab8 17. Bh6 Rxb2 18. Bxg7 Qxa3 19. Qh6 Rb5+ 20. Kd2 Rh5 21.
Bxf8 Rxh6 22. Bxh6 Qb4 23. Bd3 d5 24. Rb1 Qc5 25. exd5 cxd5 26. Ne2 Qf2 27. Rhf1
Qh4 28. Rb8+ Kh7 29. Bf4 d4 30. Be5 Qg5+ 31. f4 Qg2 32. Rg1 Qxh2 33. Ra1 Bg4 34.
Bxf6 exf6 35. Rxa7 Kg7 36. Bc4 g5 37. Rxf7+ Kg6 38. Rg8+ Kf5 39. Rxg5+ {Black
resigns} 1-0

[Event "Team 45 45 League T47"]
[Site "Internet Chess Club"]
[Date "2010.12.07"]
[Round "5"]
[White "ChessicalZ"]
[Black "musk6868"]
[Result "0-1"]
[WhiteElo "1659"]
[BlackElo "1779"]
[Opening "English: symmetrical variation"]
[ECO "A37"]
[Time "19:24:36"]
[TimeControl "2700+45"]

1. c4 c5 2. Nf3 Nc6 3. g3 g6 4. Bg2 Bg7 5. Nc3 d6 6. O-O Nf6 7. d4 cxd4 8. Nxd4
Nxd4 9. Qxd4 O-O 10. Qd3 a6 11. Bd2 Rb8 12. Rfe1 Be6 13. e4 Ng4 14. b3 b5 15.
cxb5 axb5 16. Rac1 Qb6 17. Nd1 Rfc8 18. Ne3 Ne5 19. Qe2 Qd4 20. h3 Qb2 21. Rxc8+
Rxc8 22. Bb4 Qd4 23. Qxb5 Nd3 24. Rd1 Qxb4 25. Qxd3 Qa3 26. Nd5 Bxd5 27. Qxd5
Qxa2 28. b4 Qa7 29. Rd2 Qb6 30. Qb3 Rc1+ 31. Kh2 Bd4 32. Ra2 Rc3 33. Qa4 Bxf2
34. Ra3 Bxg3+ 35. Kh1 Rc1+ {White resigns} 0-1

[Event "Team 45 45 League T47"]
[Site "Internet Chess Club"]
[Date "2010.12.04"]
[Round "5"]
[White "Cergillio"]
[Black "BraafPaard"]
[Result "0-1"]
[WhiteElo "1166"]
[BlackElo "1634"]
[Opening "English: symmetrical variation"]
[ECO "A30"]
[Time "16:00:18"]
[TimeControl "2700+45"]

1. c4 c5 2. e3 Qa5 3. Nf3 Nc6 4. Be2 Nf6 5. O-O e5 6. d3 d5 7. Bd2 Qc7 8. cxd5
Nxd5 9. e4 Nf6 10. Nc3 h6 11. Nb5 Qb6 12. a4 a6 13. Nc3 Be6 14. Rb1 Be7 15. Re1
O-O 16. Qc1 Rfd8 17. Bxh6 gxh6 18. Qxh6 Nh7 19. Nh4 Bxh4 20. Qxh4 Nd4 21. Bh5
Kh8 22. Nd5 Bxd5 23. exd5 Qf6 24. Qxf6+ Nxf6 25. Bxf7 Kg7 26. Be6 Nxe6 27. dxe6
Rd5 28. Re3 Re8 29. Rg3+ Kf8 30. Rh3 Rxe6 31. Rf3 Red6 32. Rd1 e4 33. Rf4 Rxd3
34. Re1 Rd1 35. Kf1 Kg7 36. g4 Rxe1+ 37. Kxe1 Rb6 38. g5 Nh5 39. Rxe4 Rxb2 40.
Re7+ Kg6 41. h4 Nf4 42. a5 Ng2+ 43. Kf1 Nxh4 44. f4 c4 45. Re6+ Kf5 46. Rf6+ Kg4
47. Rf7 c3 48. g6 Nxg6 49. f5 Ne5 50. Rf8 c2 51. Rc8 Rb1+ {White resigns} 0-1

[Event "Team 45 45 League T47"]
[Site "Internet Chess Club"]
[Date "2010.12.04"]
[Round "5"]
[White "Paulkov"]
[Black "Terte"]
[Result "1-0"]
[WhiteElo "2285"]
[BlackElo "2088"]
[Opening "Sicilian: accelerated fianchetto, Maróczy bind"]
[ECO "B36"]
[Time "12:02:37"]
[TimeControl "2700+45"]

1. e4 c5 2. Nf3 Nc6 3. d4 cxd4 4. Nxd4 g6 5. c4 Nf6 6. Nc3 d6 7. Be2 Nxd4 8.
Qxd4 Bg7 9. Bg5 O-O 10. Qd2 Be6 11. Rc1 Rc8 12. b3 b5 13. Bxf6 Bxf6 14. Nxb5 a6
15. Nc3 Qa5 16. O-O Rfd8 17. Rfd1 Qc5 18. Nd5 Bxd5 19. cxd5 Qa3 20. Rc6 Rxc6 21.
dxc6 Rc8 22. Rc1 Rc7 23. g3 a5 24. Kg2 Qb2 25. Qxa5 Qxe2 26. Qxc7 Qxe4+ 27. Kg1
Bd4 28. Qa5 Bc5 29. c7 Qc6 30. Rxc5 dxc5 31. Qa7 Kg7 32. Qb8 Qf3 33. Qd8 Qe2 34.
c8=Q Qe1+ 35. Kg2 Qe4+ 36. Kh3 e6 37. Qh8+ Kh6 38. Qhf8+ Kh5 39. Qcxc5+ f5 40.
Qe3 Qb1 41. Qfh6# {Black checkmated} 1-0

[Event "Team 45 45 League T47"]
[Site "Internet Chess Club"]
[Date "2010.12.02"]
[Round "5"]
[White "BadHabitMarco"]
[Black "jorobo"]
[Result "1-0"]
[WhiteElo "2097"]
[BlackElo "2068"]
[Opening "French: Winawer, advance, 5.a3"]
[ECO "C17"]
[Time "11:02:30"]
[TimeControl "2700+45"]

1. e4 e6 2. d4 d5 3. Nc3 Bb4 4. e5 c5 5. a3 Ba5 6. b4 cxb4 7. Nb5 Nc6 8. axb4
Bxb4+ 9. c3 Be7 10. Ba3 Bxa3 11. Rxa3 Nh6 12. Nd6+ Kf8 13. Bd3 f6 14. f4 Nf7 15.
Nxc8 Rxc8 16. Nf3 Qe7 17. Qa1 b6 18. O-O Na5 19. g4 fxe5 20. dxe5 g6 21. Kh1 Rc7
22. f5 gxf5 23. gxf5 Nc4 24. Bxc4 dxc4 25. fxe6 Qxe6 26. Rxa7 Rxa7 27. Qxa7 Qc6
28. h4 Kg7 29. Kh2 Ra8 30. Qxf7+ Kxf7 31. Nd4+ {Black resigns} 1-0

[Event "Team 45 45 League T47"]
[Site "Internet Chess Club"]
[Date "2010.12.03"]
[Round "5"]
[White "azbycx"]
[Black "nightly"]
[Result "1/2-1/2"]
[WhiteElo "1914"]
[BlackElo "1882"]
[Opening "Queen's pawn game"]
[ECO "A46"]
[Time "23:00:29"]
[TimeControl "2700+45"]

1. d4 Nf6 2. Nf3 e6 3. g3 d5 4. Bg2 c6 5. O-O Be7 6. c4 O-O 7. Nc3 b6 8. b3 Nbd7
9. Bb2 Ba6 10. Nd2 Rc8 11. Re1 Re8 12. e4 dxe4 13. Ndxe4 Nxe4 14. Nxe4 Nf6 15.
Qc2 Nxe4 16. Bxe4 h6 17. Rad1 Bf6 18. Rd2 Qc7 19. Qd1 Red8 20. Qf3 c5 21. d5
Bxb2 22. Rxb2 exd5 23. Bxd5 Re8 24. Rbe2 Rxe2 25. Rxe2 Rb8 26. Qe4 Bb7 27. Bxb7
Rxb7 28. Qe8+ Kh7 29. h4 Qd7 30. Qe4+ Kg8 31. Qe3 Rb8 32. Rd2 Qc7 33. Rd5 Rd8
34. Qd3 Rxd5 35. Qxd5 Qe7 36. Qa8+ Kh7 37. Kg2 h5 38. Qd5 g6 39. a3 Kg7 40. Qa8
Qd7 41. Qe4 {Game drawn by mutual agreement} 1/2-1/2

[Event "Team 45 45 League T47"]
[Site "Internet Chess Club"]
[Date "2010.12.05"]
[Round "5"]
[White "koni"]
[Black "az2112"]
[Result "1/2-1/2"]
[WhiteElo "1878"]
[BlackElo "1765"]
[Opening "King's Indian: Andersson variation"]
[ECO "E92"]
[Time "10:10:04"]
[TimeControl "2700+45"]

1. Nf3 Nf6 2. c4 g6 3. Nc3 Bg7 4. e4 d6 5. d4 O-O 6. Be2 e5 7. dxe5 dxe5 8. Qxd8
Rxd8 9. Bg5 Re8 10. O-O-O h6 11. Be3 c6 12. Ne1 Ng4 13. Nc2 Na6 14. Rd2 Nxe3 15.
Nxe3 h5 16. Kb1 Be6 17. Rhd1 Nc5 18. b4 Na6 19. a3 Nc7 20. Na4 b6 21. Rd6 c5 22.
bxc5 bxc5 23. Nxc5 Rab8+ 24. Kc2 Bf8 25. Rc6 Rec8 26. Na6 Nxa6 27. Rxa6 Bc5 28.
Nd5 Kg7 29. f3 Bd4 30. Rb1 Rxb1 31. Kxb1 Rb8+ 32. Nb4 Bc5 {Game drawn by mutual
agreement} 1/2-1/2

[Event "Team 45 45 League T47"]
[Site "Internet Chess Club"]
[Date "2010.12.07"]
[Round "5"]
[White "Chatica"]
[Black "Scotty2Cues"]
[Result "1-0"]
[WhiteElo "2121"]
[BlackElo "1941"]
[Opening "Robatsch defense: two knights, Suttles variation"]
[ECO "B07"]
[Time "16:43:44"]
[TimeControl "2700+45"]

1. e4 d6 2. d4 g6 3. Nc3 Bg7 4. Nf3 c6 5. Be2 Qb6 6. a4 Bg4 7. a5 Qc7 8. O-O Nd7
9. Be3 Ngf6 10. h3 Bxf3 11. Bxf3 O-O 12. Qd3 Rfd8 13. Rfd1 e5 14. d5 cxd5 15.
Nxd5 Nxd5 16. Qxd5 Nf6 17. Qb3 Ne8 18. Rd5 Rdc8 19. c3 Qc4 20. Rb5 Qxb3 21. Rxb3
Rc7 22. Ra4 a6 23. Rab4 Rb8 24. Rb6 {Black resigns} 1-0

[Event "Team 45 45 League T47"]
[Site "Internet Chess Club"]
[Date "2010.12.05"]
[Round "5"]
[White "dkappe"]
[Black "Gregorio"]
[Result "0-1"]
[WhiteElo "1914"]
[BlackElo "2025"]
[Opening "Queen's Indian defense"]
[ECO "A47"]
[Time "14:31:18"]
[TimeControl "2700+45"]

1. d4 Nf6 2. Nf3 b6 3. e3 Bb7 4. Bd3 e6 5. O-O Be7 6. c4 O-O 7. Nc3 d5 8. b3 c5
9. Bb2 cxd4 10. exd4 dxc4 11. bxc4 Nc6 12. d5 Nb4 13. Bb1 exd5 14. a3 Na6 15.
Nxd5 Nxd5 16. cxd5 Qxd5 17. Qc2 Qh5 18. Ne5 Nc5 19. f3 Rac8 20. Qf5 Qxf5 21.
Bxf5 Rc7 22. Ng4 f6 23. Rad1 Bc8 24. Bb1 Na4 25. Ba2+ Kh8 26. Ba1 Bxa3 27. h4
Bb4 28. Bb3 Nc5 29. Bc2 Ba6 30. Rfe1 Bxe1 31. Rxe1 Bd3 32. Bd1 Bf5 33. Nf2 Rd8
34. h5 h6 35. g4 Bc8 36. f4 Ne6 37. g5 Rc1 38. Bb2 Rb1 39. Bc3 hxg5 40. h6 Nxf4
41. hxg7+ Kxg7 42. Re7+ Kf8 43. Rh7 Ne2+ 44. Kg2 Nxc3 45. Rh8+ Ke7 46. Rh7+ Kd6
47. Bc2 Rb2 48. Rd7+ Bxd7 49. Kh1 Bc6+ 50. Kh2 Rxc2 51. Kh3 Rxf2 52. Kg4 Ke5 53.
Kh5 Kf5 54. Kh6 Rd7 55. Kh5 Rh7# {White checkmated} 0-1

[Event "Team 45 45 League T47"]
[Site "Internet Chess Club"]
[Date "2010.12.08"]
[Round "5"]
[White "AndreMorais"]
[Black "The-Economist"]
[Result "1-0"]
[WhiteElo "1909"]
[BlackElo "1925"]
[Opening "French: Tarrasch, open variation, main line"]
[ECO "C09"]
[Time "12:13:33"]
[TimeControl "2700+45"]

1. e4 e6 2. d4 d5 3. Nd2 c5 4. exd5 exd5 5. Ngf3 Nc6 6. Bb5 Bd6 7. Qe2+ Ne7 8.
dxc5 Bxc5 9. Nb3 Bd6 10. Nbd4 O-O 11. O-O Bg4 12. c3 Nxd4 13. cxd4 Qb6 14. Bd3
Bxf3 15. Qxf3 Qxd4 16. Rd1 Qe5 17. g3 Bc5 18. Bf4 Qf6 19. Kg2 Rad8 20. Rd2 Ng6
21. Bxg6 hxg6 22. Qb3 b6 23. Rad1 d4 24. h4 Rd7 25. Bg5 Qf5 26. Bf4 Kh7 27. f3
f6 28. Rd3 Re8 29. Qc2 Qe6 30. R3d2 Qxa2 31. h5 Qf7 32. hxg6+ Qxg6 33. Rh1+
{Black resigns} 1-0

[Event "Team 45 45 League T47"]
[Site "Internet Chess Club"]
[Date "2010.12.08"]
[Round "5"]
[White "CancerMoon"]
[Black "LucaTrapani"]
[Result "1/2-1/2"]
[WhiteElo "1805"]
[BlackElo "1927"]
[Opening "Dutch defense"]
[ECO "A40"]
[Time "18:17:24"]
[TimeControl "2700+45"]

1. d4 e6 2. c4 f5 3. g3 d5 4. Nf3 c6 5. Bg2 Bd6 6. O-O Nf6 7. b3 Qe7 8. Qc2 O-O
9. a4 a5 10. Ba3 b6 11. Bxd6 Qxd6 12. Nbd2 Ne4 13. Rac1 Ba6 14. Ne5 Nd7 15. Nxe4
fxe4 16. c5 bxc5 17. Nxd7 Qxd7 18. Qxc5 Bxe2 19. Rfe1 Bd3 20. Qxc6 Qf7 21. Kh1
Ra6 22. Qc5 Qh5 23. Bf1 Rxf2 24. Qc8+ Rf8 25. Qc3 Rf2 26. Qc8+ Rf8 27. Qc3 Bxf1
28. Rxf1 Raa8 29. Kg2 Qe2+ 30. Kg1 Rf3 31. Qc6 Raf8 32. Qxe6+ Kh8 33. Qh3 Qe3+
34. Kh1 Qxb3 35. Rxf3 Qxf3+ 36. Qg2 Qe3 37. Rf1 Rf3 38. h4 h6 39. h5 Rxg3 40.
Qxg3 Qxg3 41. Rf8+ Kh7 42. Rh8+ Kxh8 {White stalemated} 1/2-1/2

[Event "Team 45 45 League T47"]
[Site "Internet Chess Club"]
[Date "2010.12.05"]
[Round "5"]
[White "chess9793"]
[Black "Memphischess"]
[Result "1-0"]
[WhiteElo "2092"]
[BlackElo "2081"]
[Opening "Sicilian: accelerated fianchetto, modern variation with Bc4"]
[ECO "B35"]
[Time "19:00:17"]
[TimeControl "2700+45"]

1. e4 c5 2. Nf3 g6 3. d4 cxd4 4. Nxd4 Nc6 5. Nc3 Bg7 6. Be3 Nf6 7. Bc4 O-O 8.
Bb3 a5 9. O-O d6 10. Ndb5 b6 11. f3 Nd7 12. Qd2 Nc5 13. Bd5 Bb7 14. a4 Qc8 15.
Bg5 Qd7 16. Rfd1 Rac8 17. Bh6 Rfd8 18. Qf4 e5 19. Qd2 Bxh6 20. Qxh6 Ne6 21. Bxe6
Qxe6 22. Qe3 Nb4 23. Qxb6 Bc6 24. Na7 Rb8 25. Qxa5 Be8 26. Ncb5 Nxc2 27. Rac1
Ne3 28. Rd3 Nc4 29. Qc3 Nb6 30. Nc7 Nxa4 31. Qa5 Qa2 32. b4 Qb2 33. Rcd1 Nc3 34.
R1d2 Qb1+ 35. Kf2 Qc1 36. b5 Bxb5 37. Qxc3 {Black resigns} 1-0

[Event "Team 45 45 League T47"]
[Site "Internet Chess Club"]
[Date "2010.12.04"]
[Round "5"]
[White "jefferyx"]
[Black "SuperMinor"]
[Result "1-0"]
[WhiteElo "2018"]
[BlackElo "1757"]
[Opening "King's pawn opening"]
[ECO "B07"]
[Time "10:34:22"]
[TimeControl "2700+45"]

1. e4 d6 2. d3 Nf6 3. g3 g6 4. Bg2 Bg7 5. Ne2 e5 6. Nbc3 O-O 7. h3 c6 8. O-O Be6
9. f4 Nbd7 10. f5 gxf5 11. exf5 Bd5 12. Nxd5 Nxd5 13. g4 f6 14. c4 Nc7 15. Be3
d5 16. cxd5 Nxd5 17. Qb3 Nb6 18. Bc5 Rf7 19. d4 Bf8 20. Rad1 Qc7 21. a4 a5 22.
Nc3 Ne3 23. Bxb6 Qb8 24. Ne4 exd4 25. Nxf6+ Kg7 26. Bxd4 Rxf6 27. Bxf6+ Kxf6 28.
Qe6+ Kg7 29. Rd7+ Kh8 30. Qf6+ Kg8 31. Qf7+ Kh8 32. Qxh7# {Black checkmated} 1-0

[Event "Team 45 45 League T47"]
[Site "Internet Chess Club"]
[Date "2010.12.05"]
[Round "5"]
[White "leland"]
[Black "DARKwizard1"]
[Result "1-0"]
[WhiteElo "1849"]
[BlackElo "2026"]
[Opening "Ruy Lopez: Berlin defense, Beverwijk variation"]
[ECO "C64"]
[Time "16:00:55"]
[TimeControl "2700+45"]

1. e4 Nc6 2. Nf3 e5 3. Bb5 Bc5 4. O-O Nf6 5. Re1 O-O 6. c3 d6 7. d4 exd4 8. cxd4
Bb6 9. h3 h6 10. Nc3 Ne7 11. Be3 Ng6 12. Qc2 c6 13. Bd3 Nh5 14. Ne2 Bc7 15. d5
c5 16. Ng3 Nhf4 17. Nd2 Qh4 18. Nf3 Qf6 19. Be2 b5 20. Nh2 Bd7 21. Bg4 Bxg4 22.
Nxg4 Qg5 23. Qd2 h5 24. Nh2 h4 25. Nf3 Qf6 26. Nf5 Ne6 27. dxe6 fxe6 28. Bg5 Qf7
29. Nxd6 Qd7 30. Nc4 Qc8 31. Ne3 Rxf3 32. gxf3 Ne5 33. Qe2 Qe8 34. f4 Qg6 35.
Ng4 Nc6 36. e5 Rf8 37. Qe4 Qe8 38. Red1 Nd4 39. Rac1 Bb6 40. Kf1 Rf5 41. Ne3 Qh5
42. Nxf5 exf5 43. Qd5+ Kh7 44. Rxd4 cxd4 45. Bd8 Bxd8 46. Qxd8 Qf3 47. Qxh4+
{Black resigns} 1-0

[Event "Team 45 45 League T47"]
[Site "Internet Chess Club"]
[Date "2010.12.05"]
[Round "5"]
[White "nhh"]
[Black "ice-cream"]
[Result "0-1"]
[WhiteElo "1894"]
[BlackElo "1828"]
[Opening "Sicilian: Richter-Rauzer, Rauzer attack, 7...Be7"]
[ECO "B63"]
[Time "11:00:21"]
[TimeControl "2700+45"]

1. e4 c5 2. Nf3 Nc6 3. d4 cxd4 4. Nxd4 Nf6 5. Nc3 d6 6. Bg5 e6 7. Qd2 Be7 8.
O-O-O O-O 9. Kb1 Qc7 10. f4 Nxd4 11. Qxd4 Qa5 12. e5 dxe5 13. fxe5 Rd8 14. Qh4
Rxd1+ 15. Nxd1 Qxe5 16. Bd3 h6 17. Bd2 Qh5 18. Qe1 Bd7 19. h3 Bc6 20. g4 Nxg4
21. Be2 Bxh1 22. Qxh1 Nf2 23. Qf1 Qd5 24. Nxf2 Qxd2 25. Bd3 Bh4 26. Nd1 Be1 27.
Qf3 Rd8 28. a3 Bg3 29. Nc3 Qf2 30. Qxb7 Qb6 31. Qe4 f5 32. Qf3 Be5 33. Nd1 Rb8
34. c3 Bxc3 {White resigns} 0-1

[Event "Team 45 45 League T47"]
[Site "Internet Chess Club"]
[Date "2010.12.03"]
[Round "5"]
[White "Uwak"]
[Black "rdmuhcu"]
[Result "1-0"]
[WhiteElo "2282"]
[BlackElo "2231"]
[Opening "Sicilian: Pelikan (Lasker/Sveshnikov) variation"]
[ECO "B33"]
[Time "10:00:29"]
[TimeControl "2700+45"]

1. e4 c5 2. Nf3 Nc6 3. d4 cxd4 4. Nxd4 Nf6 5. Nc3 e5 6. Ndb5 d6 7. Nd5 Nxd5 8.
exd5 Nb8 9. c4 Be7 10. Bd3 O-O 11. O-O a6 12. Nc3 f5 13. f3 Bf6 14. Be3 g6 15.
c5 dxc5 16. Bxc5 Rf7 17. a4 Nd7 18. Bf2 b6 19. d6 Kg7 20. Bc4 Rf8 21. Nd5 Bb7
22. Nc7 Re8 23. Nxe8+ Qxe8 24. Bd5 Bxd5 25. Qxd5 Rc8 {Black resigns} 1-0

[Event "Team 45 45 League T47"]
[Site "Internet Chess Club"]
[Date "2010.12.05"]
[Round "5"]
[White "YoniKer"]
[Black "searchforbobby1"]
[Result "1-0"]
[WhiteElo "2069"]
[BlackElo "2201"]
[Opening "Sicilian: Alapin's variation (2.c3)"]
[ECO "B22"]
[Time "15:14:54"]
[TimeControl "2700+45"]

1. e4 c5 2. c3 Nf6 3. e5 Nd5 4. d4 cxd4 5. cxd4 Nc6 6. Bc4 Nb6 7. Bb3 d6 8. exd6
Qxd6 9. Nf3 Be6 10. Nc3 Bxb3 11. Qxb3 e6 12. O-O Qb4 13. Qc2 Be7 14. a3 Qd6 15.
Ne4 Qd7 16. Nc5 Qc7 17. Be3 Bxc5 18. dxc5 Nd5 19. Bd4 Nxd4 20. Nxd4 O-O 21. Rac1
a6 22. b4 Qf4 23. Rfd1 h6 24. Ne2 Qf6 25. Nc3 Nf4 26. Ne4 Qg6 27. f3 Nd5 28. Qd3
Nf4 29. Qc2 Nd5 30. Rd2 Rfd8 31. Nd6 Qxc2 32. Rdxc2 Rd7 33. Nc4 Rc8 34. Kf2 Kf8
35. g3 Ke7 36. Rd2 Rdc7 37. Re1 Kf6 38. f4 g6 39. Nd6 Rd8 40. Rxd5 exd5 41. Ne8+
Rxe8 42. Rxe8 a5 43. Ke3 axb4 44. axb4 b6 45. Kd4 bxc5+ 46. bxc5 h5 47. Re2 Kf5
48. Kxd5 Rd7+ 49. Kc6 Rd3 50. Kb7 h4 51. gxh4 f6 52. c6 Rb3+ 53. Kc8 Kxf4 54. c7
Rc3 55. Rd2 Kg4 56. Kd7 f5 57. Rd6 Kxh4 58. Rc6 Rxc6 59. Kxc6 Kh3 60. c8=Q Kxh2
61. Qh8+ Kg3 62. Qg7 f4 63. Qxg6+ Kh3 64. Qg1 {Black resigns} 1-0